 Dungeon Crawl Stone Soup version 0.17-a0-1850-g688e747 (webtiles) character file.

168 4thArraOfDagon the Ruffian (level 5, -4/53 HPs)
             Began as a Troll Monk on Sept 18, 2015.
             Slain by an ice beast (11 damage)
             ... on level 6 of the Dungeon.
             The game lasted 00:01:49 (422 turns).

4thArraOfDagon the Ruffian (Troll Monk)              Turns: 422, Time: 00:01:49

Health: -4/53      AC:  5    Str: 19    XL:     5   Next: 23%
Magic:  4/4        EV: 11    Int:  7    God:
Gold:   39         SH:  0    Dex: 12    Spells: 0 memorised, 4 levels left

rFire  . . .     SeeInvis .       - Unarmed
rCold  . . .     Clarity  .     a - +0 robe
rNeg   . . .     SustAt   .     (no shield)
rPois  .         Gourm    +     (helmet restricted)
rElec  .         Spirit   .     (no cloak)
rCorr  .         Warding  .     (gloves unavailable)
rMut   .         Stasis   .     (boots unavailable)
MR     +....                    (no amulet)
Stlth  +.........               (no ring)
                                e - ring of protection from magic

@: somewhat resistant to hostile enchantments, very unstealthy
A: unfitting armour, claws 3, fast metabolism 3, gourmand, regeneration 2,
shaggy fur 1, tough skin 2
a: no special abilities


You were on level 6 of the Dungeon.
You were full.

You visited 1 branch of the dungeon, and saw 6 of its levels.

You collected 39 gold pieces.

Inventory:

Armour
 a - a +0 robe (worn)
Jewellery
 e - a ring of protection from magic (left claw)
Potions
 d - a potion of cure mutation {unknown}
 f - a potion of curing {unknown}
 h - a potion of poison {unknown}
Comestibles
 b - 3 bread rations
 c - a meat ration
 g - a slice of pizza


   Skills:
 + Level 3.1 Fighting
 + Level 3.2 Dodging
 - Level 1.1 Stealth
 * Level 5.5 Unarmed Combat


You had 4 spell levels left.
You didn't know any spells.

Dungeon Overview and Level Annotations

Branches:
Dungeon (6/15)
 Temple: D:4-7

Altars:

Shops:
D:4 ?

Annotations:
D:4 Menkaure
D:5 Blork the orc


Innate Abilities, Weirdness & Mutations

You are too large for most types of armour.
You have claws for hands.
Your metabolism is lightning-fast.
You like to eat raw meat.
You heal very quickly.
You are covered in fur (AC +1).
You have very tough skin (AC +2).


Message History

The ice beast barely misses you.
You scratch the ice beast but do no damage.
The ice beast is moderately wounded.
The ice beast hits you. The ice beast freezes you!
You claw the ice beast!
The ice beast is heavily wounded.
The ice beast hits you but does no damage.
You scratch the ice beast.
The ice beast is severely wounded.
The ice beast hits you. The ice beast freezes you!
* * * LOW HITPOINT WARNING * * *
You are too injured to fight recklessly!
You are too injured to fight recklessly!
You are too injured to fight recklessly!
You scratch the ice beast.
The ice beast is almost dead.
The ice beast hits you.
* * * LOW HITPOINT WARNING * * *
The ice beast freezes you!
You die...

.. #.
#. #.
##.##
#...#
#..#
#@#
#Y#
#.#
#.#
#.#
#.#
#.#
.#
#.#
##.#
#.#
....#


You could see an ice beast.

Vanquished Creatures
  A water moccasin skeleton (D:5)
  A jelly (D:5)
  3 worker ants
  An adder (D:2)
  An adder skeleton (D:5)
  A giant gecko (D:2)
  A giant cockroach (D:2)
  A hobgoblin (D:3)
  A bat (D:2)
  2 giant newts (D:2)
13 creatures vanquished.

Notes
Turn   | Place    | Note
--------------------------------------------------------------
     0 | D:1      | 4thArraOfDagon the Troll Monk began the quest for the Orb.
     0 | D:1      | Reached XP level 1. HP: 22/22 MP: 0/0
    89 | D:2      | Reached XP level 2. HP: 27/29 MP: 1/1
    98 | D:2      | You fall through a shaft for 2 floors!
   110 | D:4      | Found Buthif's Magic Scroll Shop.
   111 | D:4      | Noticed Menkaure
   151 | D:4      | Reached XP level 3. HP: 13/36 MP: 2/2
   207 | D:5      | Entered Level 5 of the Dungeon
   248 | D:5      | Reached skill level 5 in Unarmed Combat
   248 | D:5      | Reached XP level 4. HP: 37/44 MP: 3/3
   345 | D:5      | Reached XP level 5. HP: 36/53 MP: 4/4
   355 | D:5      | Noticed Blork the orc
   387 | D:6      | Noticed an ice beast
   422 | D:6      | Slain by an ice beast

Vault maps used:
D:1:      minmay_arrival_loop
D:2:      kennysheep_decorative_pillar, uniq_crazy_yiuf_cottage
D:3:      lemuel_castle_with_subvaults
D:4:      first_bread, serial_shops,
          nicolae_shop_temple_entry_statues_fountains, uniq_eustachio,
          uniq_menkaure, uniq_grinder
D:5:      lemuel_angel_altar, uniq_blork_the_orc, uniq_edmund
D:6:      enter_ossuary_5

Action                   |  1- 3 |  4- 6 || total
-------------------------+-------+-------++-------
Melee: Unarmed           |    33 |    30 ||    63
 Stab: Sleeping          |       |     1 ||     1
  Eat: Chunk             |     3 |     3 ||     6
